 Dungeon Crawl Stone Soup version 0.28.0-45-g0d030f2227 (webtiles) character file.

Game seed: 8898973663538177978

290 falhazar the Slasher (level 6, 0/41 (47) HPs)
             Began as a Demonspawn Gladiator on Apr 23, 2022.
             Was an Initiate of Fedhas.
             Slain by a wight
             ... wielding a +1 vorpal flail
              (2 damage)
             ... on level 4 of the Dungeon.
             The game lasted 00:24:16 (3606 turns).

falhazar the Slasher (Demonspawn Gladiator)         Turns: 3606, Time: 00:24:16

HP:   0/41 (47)     AC:  5    Str: 14    XL:     6   Next: 9%
MP:   8/8           EV: 13    Int: 11    God:    Fedhas [......]
Gold: 86            SH:  0    Dex: 15    Spells: 8/8 levels left

rFire   . . .      SeeInvis .   i - +0 short sword (venom)
rCold   . . .      Faith    .   (no shield)
rNeg    . . .      Spirit   .   l - +0 robe
rPois   .          Reflect  .   (helmet restricted)
rElec   .          Harm     .   (no cloak)
rCorr   .          Rampage  .   (no gloves)
Will    .....                   (no boots)
Stlth   ++........              (no amulet)
HPRegen 0.13/turn               (no ring)
MPRegen 0.22/turn               (no ring)

@: heavily drained
A: horns 1, icy blue scales 2, ignite blood 1, magic regeneration
a: Renounce Religion


You were on level 4 of the Dungeon.
You worshipped Fedhas.
Fedhas was noncommittal.
You visited 1 branch of the dungeon, and saw 4 of its levels.

You collected 86 gold pieces.

Inventory:

Hand Weapons
 a - a +0 long sword
 i - a +0 short sword of venom (weapon)
Missiles
 d - a throwing net (quivered)
Armour
 b - a +0 leather armour
 k - a +0 buckler
 l - a +0 robe (worn)
Magical Staves
 f - a staff of poison
Wands
 m - a wand of charming (7)
 o - a wand of flame (20)
Scrolls
 g - 3 scrolls of identify {unknown}
 h - a scroll of teleportation {unknown}
 n - a scroll of amnesia {unknown}
 q - a scroll of noise {unknown}
Potions
 e - a potion of degeneration {unknown}
 j - a potion of attraction {unknown}
 p - a potion of lignification {unknown}


   Skills:
 * Level 3.2 Fighting
 + Level 1.8(2.9) Short Blades
 + Level 3.3(3.6) Long Blades
 - Level 1.7 Throwing
 + Level 1.4 Armour
 + Level 3.3 Dodging
 * Level 2.2 Stealth
 * Level 1.6 Spellcasting


You had 8 spell levels left.
You didn't know any spells.
Your spell library contained the following spells:

 Spells                   Type           Power      Damage    Failure   Level
 Ensorcelled Hibernation  Hex/Ice        0%         N/A       43%         2
 Passwall                 Tmut/Erth      0%         N/A       43%         2
 Gell's Gravitas          Tloc           0%         N/A       67%         3
 Lesser Beckoning         Tloc           0%         N/A       67%         3
 Swiftness                Air            0%         N/A       67%         3
 Teleport Other           Tloc           0%         N/A       67%         3
 Chain Lightning          Conj/Air       0%         N/A       100%        9
 Fire Storm               Conj/Fire      0%         5d1       100%        9
 Shatter                  Erth           0%         3d5*      100%        9


Dungeon Overview and Level Annotations

Branches:
Dungeon (4/15)
 Temple: D:4-7

Altars:
Fedhas


Innate Abilities, Weirdness & Mutations

You have a pair of small horns on your head.
You are mostly covered in icy blue scales. (AC +3)
Your demonic aura sometimes causes spilled blood to erupt in flames.
You regenerate magic rapidly.


Message History

a +0 scimitar; a +0 robe You barely miss the wight.
Your headbutt misses the wight. Your punch misses the wight.
The wight misses you.
You closely miss the wight. You barely miss the wight.
The wight hits you with a +1 vorpal flail!
You feel drained.
You barely miss the wight. The wight barely misses you.
You barely miss the wight. You punch the wight, but do no damage.
The wight closely misses you.
You hit the wight.
The wight is lightly damaged.
The wight hits you with a +1 vorpal flail!
You feel drained. The wight closely misses you.
There is an open door here.
What are your orders? t - Shout!
Orders for allies: a - Attack new target. p - Attack previous target. r - Retreat! s - Stop attacking. g - Guard the area. f - Follow me.
Anything else - Cancel.
Okay, then.
There is a stone staircase leading down here.
The wight hits you but does no damage.
You climb downwards.
There is a stone staircase leading up here.
You barely miss the wight.
The iguana hisses angrily.
The wight closely misses you.
You barely miss the wight.
You headbutt the wight, but do no damage.
The wight hits you with a +1 vorpal flail.
You feel drained.
* * * LOW HITPOINT WARNING * * *
You barely miss the wight.
The wight hits you with a +1 vorpal flail!
* * * LOW HITPOINT WARNING * * *
You die...
Fedhas appreciates your contribution to the ecosystem.

####
#@z#
##.#
l#
..
...
####


You could see an iguana and a wight.

Vanquished Creatures
  A black bear (D:3)
  2 wights (D:3)
  6 gnolls
  2 adders
  2 worms
  A dart slug (D:2)
  2 ball pythons
  3 endoplasms
  2 giant cockroaches (D:1)
  5 goblins
  4 hobgoblins
  3 kobolds (D:1)
  6 bats
  2 frilled lizards
  3 rats
44 creatures vanquished.

Notes
Turn   | Place    | Note
-------+----------+-------------------------------------------
     0 | D:1      | falhazar the Demonspawn Gladiator began the quest for the
                  | Orb.
     0 | D:1      | Reached XP level 1. HP: 16/16 MP: 1/1
   757 | D:1      | Gained mutation: You regenerate magic rapidly. [demonic
                  | ancestry]
   757 | D:1      | Reached XP level 2. HP: 22/22 MP: 2/2
  1354 | D:2      | Gained mutation: You are partially covered in icy blue
                  | scales. (AC +2) [demonic ancestry]
  1354 | D:2      | Reached XP level 3. HP: 24/28 MP: 3/3
  1686 | D:2      | Found a faded altar of an unknown god.
  1740 | D:2      | Reached skill level 1 in Stealth
  1752 | D:2      | Gained mutation: Your demonic aura sometimes causes spilled
                  | blood to erupt in flames. [demonic ancestry]
  1752 | D:2      | Reached XP level 4. HP: 28/34 MP: 4/4
  2188 | D:3      | Reached skill level 1 in Armour
  2323 | D:3      | Found a blossoming altar of Fedhas.
  2334 | D:3      | Became a worshipper of Fedhas Madash
  2572 | D:3      | Noticed a black bear
  2585 | D:3      | HP: 1/34 [black bear (2)]
  2586 | D:3      | Killed a black bear
  2587 | D:3      | Reached skill level 1 in Short Blades
  2587 | D:3      | Reached skill level 1 in Spellcasting
  2587 | D:3      | Gained mutation: You have a pair of small horns on your
                  | head. [demonic ancestry]
  2587 | D:3      | Reached XP level 5. HP: 1/41 MP: 6/6
  3322 | D:3      | Gained mutation: You are mostly covered in icy blue scales.
                  | (AC +3) [demonic ancestry]
  3322 | D:3      | Reached XP level 6. HP: 19/47 MP: 8/8
  3606 | D:4      | HP: 2/41 [wight/+1 vorpal flail (10)]
  3606 | D:4      | Slain by a wight

Illustrated notes

Levels and vault maps discovered:
D:1:      minmay_arrival_checkered_box, layout_loops_cross,
          wander_ebering_terrifying_dragon_lair
D:2:      layout_loops_cross, shapermc_ecumenical_altar_mp_ritualfount,
          minivault_23
D:3:      layout_basic, mainiacjoe_overflow_small_starburst
D:4:      layout_basic, nicolae_overflow_squiral, nrook_mini_backslash,
          guppyfry_early_orc_mine

Skill      XL: |  1  2  3  4 |
---------------+-------------+-----
Long Blades    | 3 |  3.3
Dodging        | 3 |  3.3
Stealth        | 1 2 |  2.2
Armour         | 1 |  1.4
Fighting       | 3 |  3.2
Short Blades   | 1 |  1.8
Spellcasting   | 1 |  1.6
Throwing       | |  1.7

Action                   |  1- 3 |  4- 6 || total
-------------------------+-------+-------++-------
Melee: Long sword        |    51 |       ||    51
       Short sword       |    39 |    79 ||   118
       Punch             |       |     6 ||     6
       Headbutt          |       |     6 ||     6
Throw: Throwing net      |     5 |     1 ||     6
 Stab: Sleeping          |     3 |       ||     3
       Held in net/web   |     1 |       ||     1
Armor: Leather armour    |    26 |       ||    26
       Robe              |       |    20 ||    20
Dodge: Dodged            |    52 |    65 ||   117
